 Dungeon Crawl Stone Soup version 0.18.1-6-gd335043 (webtiles) character file.

30 Krapule the Caller (level 3, -2/20 HPs)
             Began as a Tengu Summoner on May 16, 2016.
             Slain by a gnoll
             ... wielding a +0 halberd
              (7 damage)
             ... on level 2 of the Dungeon.
             The game lasted 00:05:59 (1325 turns).

Krapule the Caller (Tengu Summoner)                 Turns: 1325, Time: 00:05:59

Health: -2/20      AC:  2    Str:  9    XL:     3   Next: 20%
Magic:  7/7        EV:  8    Int: 15    God:
Gold:   38         SH:  0    Dex: 14    Spells: 2 memorised, 3 levels left

rFire  . . .     SeeInvis .     j - +0 hand axe
rCold  . . .     Gourm    .     a - +0 robe
rNeg   . . .     Faith    .     (no shield)
rPois  .         Spirit   .     (helmet restricted)
rElec  .         Dismiss  .     (no cloak)
rCorr  .         Reflect  .     (no gloves)
SustAt .         Harm     .     (boots unavailable)
MR     .....                    (no amulet)
Stlth  ++........               (no ring)
                                (no ring)

@: not resistant to hostile enchantments, unstealthy
A: beak, talons 3
a: no special abilities


You were on level 2 of the Dungeon.
You were near starving.

You visited 1 branch of the dungeon, and saw 2 of its levels.

You collected 38 gold pieces.

Inventory:

Hand Weapons
 f - a +0 whip
 j - a +0 hand axe (weapon)
Armour
 a - a +0 robe (worn)
Scrolls
 h - 2 scrolls of teleportation {unknown}
Potions
 e - a potion of cancellation {unknown}
 g - a potion of curing {unknown}
 i - a potion of degeneration {unknown}
Books
 b - a book of Callings

   Spells                             Type                      Level
   a - Summon Small Mammal            Summoning                    1
   b - Call Imp                       Summoning                    2
   c - Call Canine Familiar           Summoning                    3
   d - Summon Guardian Golem          Hexes/Summoning              3
   e - Summon Lightning Spire         Summoning/Air                4
   f - Summon Ice Beast               Ice/Summoning                4
Comestibles
 c - 2 bread rations


   Skills:
 + Level 1.1 Fighting
 + Level 0.4 Armour
 + Level 2.7 Dodging
 - Level 2.0 Stealth
 + Level 2.4 Spellcasting
 + Level 5.0 Summonings


You had 3 spell levels left.
You knew the following spells:

 Your Spells              Type           Power        Failure   Level  Hunger
a - Summon Small Mammal   Summ           ###.         2%          1    #......
b - Call Imp              Summ           ###.....     4%          2    ###....


Dungeon Overview and Level Annotations

Branches:
Dungeon (2/15)

Altars:


Innate Abilities, Weirdness & Mutations

You have a beak for a mouth.
You have claws for feet.


Message History

Found an escape hatch in the ceiling.
Found a stone staircase leading down.
There is a stone staircase leading up here.
The goblin shouts!
You climb upwards.
There is a stone staircase leading down here.
There is an open door here.
There is an open door here.
You are near starving!
There is a stone staircase leading down here.
You climb downwards.
A giant newt, an adder, 2 goblins and 4 gnolls come into view.
The gnoll shouts! x4; You hear a shout!
The gnoll hits you from afar with a halberd!
Ouch! That really hurt!
* * * LOW HITPOINT WARNING * * *
You hear a bark! x3
Found a stone staircase leading down.
There is a stone staircase leading up, spattered with blood here.
The gnoll hits you from afar with a halberd!
You die...

.......###
.........#
.........#
.........#
.........###
...........#
...........#
>.ggl..@.S.#
.........g....#
#.....gg.g.....
#..................(
# h..####..........
..###. ##
..###.............
... #..>... .....
##. ............
......#.$..


You could see 4 gnolls, an adder, a jackal, a hobgoblin, a goblin and a giant
newt.

Vanquished Creatures
  An ooze (D:1)
  2 dart slugs (D:1)
  A giant gecko (D:1)
  A ball python (D:1)
  3 bats (D:1)
  A giant cockroach (D:1)
  9 goblins (D:1)
  2 kobolds (D:1)
  A rat (D:1)
21 creatures vanquished.

Vanquished Creatures (collateral kills)
  A hobgoblin (D:1)
  2 kobolds (D:1)
3 creatures vanquished.

Grand Total: 24 creatures vanquished

Notes
Turn   | Place    | Note
--------------------------------------------------------------
     0 | D:1      | Krapule the Tengu Summoner began the quest for the Orb.
     0 | D:1      | Reached XP level 1. HP: 10/10 MP: 4/4
   262 | D:1      | Reached XP level 2. HP: 16/16 MP: 1/6
   628 | D:1      | Reached skill level 1 in Fighting
   815 | D:1      | Reached skill level 5 in Summonings
   815 | D:1      | Reached XP level 3. HP: 19/20 MP: 7/7
   878 | D:1      | Learned a level 2 spell: Call Imp
  1325 | D:2      | Slain by a gnoll

Skill      XL: |  1  2 |
---------------+-------+-----
Fighting       | 1 |  1.1
Summonings     | 5 |  5.0
Armour         | |  0.4
Dodging        | |  2.7
Stealth        | |  2.0
Spellcasting   | |  2.4

Action                   || total
-------------------------++-------
Melee: Club              ||    14
       Kick              ||    11
       Whip              ||    28
       Peck              ||     9
       Hand axe          ||    24
 Cast: Summon Small Mamm ||    14
 Stab: Distracted        ||     1
Armor: Robe              ||     7
Dodge: Dodged            ||    47
